 Dungeon Crawl Stone Soup version 0.26.1-2-gb8aa6d0cf2 (webtiles) character file.

Game seed: 6488576164512088501

164 DasRunzen the Conjurer (level 5, -2/41 HPs)
             Began as a Demigod Conjurer on Feb 11, 2021.
             Killed from afar by an orc wizard (9 damage)
             ... with a magic dart
             ... on level 3 of the Dungeon.
             The game lasted 00:05:28 (2248 turns).

DasRunzen the Conjurer (Demigod Conjurer)           Turns: 2248, Time: 00:05:29

Health: -2/41      AC:  4    Str: 12    XL:     5   Next: 0%
Magic:  0/11       EV: 13    Int: 22    God:
Gold:   81         SH:  0    Dex: 14    Spells: 6/9 levels left

rFire    . . .     SeeInvis +   b - +3 mace
rCold    . . .     Faith    .   (no shield)
rNeg     . . .     Spirit   .   a - +0 robe
rPois    .         Reflect  .   c - +1 hat
rElec    .         Harm     .   (no cloak)
rCorr    .         Rampage  .   (no gloves)
Will     .....                  o - +0 pair of boots
Stlth    ++........             j - amulet of magic regeneration
HPRegen  0.13/turn              g - ring of see invisible
MPRegen  0.37/turn              (no ring)

@: no status effects
A: high mp 1
a: no special abilities


You were on level 3 of the Dungeon.
You visited 1 branch of the dungeon, and saw 3 of its levels.

You collected 81 gold pieces.

Inventory:

Hand Weapons
 b - a +3 mace (weapon)
Armour
 a - a +0 robe (worn)
 c - a +1 hat (worn)
 o - a +0 pair of boots (worn)
Jewellery
 g - a ring of see invisible (left hand)
 j - an amulet of magic regeneration (around neck)
Scrolls
 h - 2 scrolls of teleportation
Potions
 e - a potion of might {unknown}
 f - a potion of curing {unknown}
 k - a potion of lignification {unknown}
 l - a potion of brilliance {unknown}
 n - a potion of mutation {unknown}
 p - a potion of berserk rage {unknown}


   Skills:
 + Level 1.7 Fighting
 + Level 1.7 Armour
 + Level 2.7 Dodging
 - Level 1.7 Stealth
 + Level 2.5 Spellcasting
 + Level 4.1 Conjurations


You had 6 spell levels left.
You knew the following spells:

 Your Spells              Type           Power        Failure   Level
a - Magic Dart            Conj           84%          2%          1
b - Searing Ray           Conj           42%          3%          2

Your spell library contained the following spells:

 Spells                   Type           Power        Failure   Level
 Dazzling Flash           Conj/Hex       22%          17%         3
 Fulminant Prism          Conj/Hex       5%           50%         4
 Iskenderun's Mystic Bla  Conj/Tloc      11%          50%         4


Dungeon Overview and Level Annotations

Branches:
Dungeon (3/15)


Innate Abilities, Weirdness & Mutations

You have an increased reservoir of magic. (+10% MP)


Message History

The searing ray hits the orc wizard!
The orc wizard is heavily wounded.
The searing ray hits the orc wizard.
The orc wizard is lightly wounded. (Press . to maintain the ray.)
The orc wizard casts a spell.
The orc wizard seems to speed up.
The searing ray hits the orc wizard!
You kill the orc wizard!
The searing ray hits the orc wizard!
The orc wizard is heavily wounded.
The orc wizard points at you and mumbles some strange words.
The puff of flame hits you.
* * * LOW HITPOINT WARNING * * *
You have reached level 5!
The searing ray hits the orc wizard.
The orc wizard is almost dead.
The orc wizard points at you and mumbles some strange words.
The magic dart hits you!
You die...

#.........# #.##.##.#######
#.........# #.##...........
#.>.......# #.#####.#######
#........# #.# #.#....#
#....)..# #.# #.#.##.#
#.....o.# #.# #...##.########
o.#......####.#
######.........
###.........######.......#####
+.........o).)@....#####.#
#################### #.#
#########.# #.........#
#...<.....# #....†....#
#.........# #.?.......#
#.........#


You could see an orc wizard.

Vanquished Creatures
  An orc wizard (D:3)
  An orc priest (D:3)
  A worker ant (D:2)
  3 adders
  3 dart slugs (D:1)
  2 leopard geckos (D:2)
  6 orcs (D:3)
  3 bats (D:1)
  5 giant cockroaches
  3 goblins
  8 hobgoblins
  A quokka (D:2)
  2 frilled lizards
  3 kobolds
  4 rats (D:1)
46 creatures vanquished.

Notes
Turn   | Place    | Note
-------+----------+-------------------------------------------
     0 | D:1      | DasRunzen the Demigod Conjurer began the quest for the Orb.
     0 | D:1      | Reached XP level 1. HP: 14/14 MP: 5/5
   423 | D:1      | Reached XP level 2. HP: 22/22 MP: 1/7
   426 | D:1      | Learned a level 2 spell: Searing Ray
  1223 | D:2      | Reached XP level 3. HP: 22/27 MP: 3/8
  1227 | D:2      | Reached skill level 1 in Fighting
  1234 | D:2      | Reached skill level 1 in Armour
  1718 | D:2      | Reached skill level 4 in Conjurations
  1873 | D:2      | Reached XP level 4. HP: 35/35 MP: 10/10
  1989 | D:2      | Found a burning altar of Makhleb.
  2248 | D:3      | Reached XP level 5. HP: 7/41 MP: 1/11
  2248 | D:3      | Killed from afar by an orc wizard

Illustrated notes

Levels and vault maps discovered:
D:1:      dpeg_arrival_short_road, layout_basic, chequers_serial_rivers_room_a
D:2:      layout_loops_ring, lemuel_coloured_pillars_altar
D:3:      layout_basic, minmay_unequal

Skill      XL: |  1  2  3 |
---------------+----------+-----
Dodging        | 2 |  2.7
Spellcasting   | 2 |  2.5
Fighting       | 1 |  1.7
Armour         | 1 |  1.7
Conjurations   | 4 |  4.1
Stealth        | |  1.7

Action                   |  1- 3 |  4- 6 || total
-------------------------+-------+-------++-------
Melee: Mace              |    19 |    11 ||    30
 Cast: Magic Dart        |    53 |     2 ||    55
       Searing Ray       |     2 |     4 ||     6
  Use: Scroll            |     1 |     3 ||     4
 Stab: Sleeping          |     1 |     2 ||     3
Armor: Robe              |     6 |     1 ||     7
Dodge: Dodged            |    14 |     7 ||    21
